 Dungeon Crawl Stone Soup version 0.20.1-1-g8b1a95d (webtiles) character file.

891 Kingsmith the Firebug (level 7, 0/36 HPs)
             Began as a Deep Elf Fire Elementalist on Dec 10, 2017.
             Was an Initiate of Vehumet.
             Slain by a phantom (9 damage)
             ... on level 6 of the Dungeon.
             The game lasted 00:15:40 (4952 turns).

Kingsmith the Firebug (Deep Elf Fire Elementalist)  Turns: 4952, Time: 00:15:41

Health: 0/36       AC:  4    Str:  7    XL:     7   Next: 77%
Magic:  16/16      EV: 13    Int: 20    God:    Vehumet [......]
Gold:   65         SH:  0    Dex: 18    Spells: 3/16 levels left

rFire    . . .     SeeInvis .   e - +0 dagger
rCold    . . .     Gourm    .   (no shield)
rNeg     . . .     Faith    .   C - +0 robe of the Evening {Dex+3} (curse)
rPois    .         Spirit   .   (no helmet)
rElec    .         Reflect  .   n - +0 cloak
rCorr    .         Harm     .   v - +0 pair of gloves
MR       .....                  (no boots)
Stlth    ++........             (no amulet)
Regen    0.2/turn               t - ring of wizardry
MPRegen  0.2/turn               (no ring)

@: about to teleport
A: no striking features
a: Renounce Religion


You were on level 6 of the Dungeon.
You worshipped Vehumet.
Vehumet was noncommittal.
You were near starving.

You visited 1 branch of the dungeon, and saw 6 of its levels.

You collected 253 gold pieces.
You spent 188 gold pieces at shops.

Inventory:

Hand Weapons
 e - a +0 dagger (weapon)
Armour
 n - a +0 cloak (worn)
 v - a +0 pair of gloves (worn)
 C - the cursed +0 robe of the Evening (worn) {Dex+3}
   (You bought it in a shop on level 5 of the Dungeon)

   It affects your dexterity (+3).
   It has a curse placed upon it.
Jewellery
 t - a ring of wizardry (left hand)
Wands
 B - a wand of flame (27/48)
Scrolls
 d - 2 scrolls of fear {unknown}
 j - 5 scrolls of enchant armour {unknown}
 m - 4 scrolls of enchant weapon
 o - a scroll of teleportation
 q - a scroll of remove curse {unknown}
 r - a scroll of amnesia {unknown}
 u - a scroll of blinking {unknown}
 w - a scroll of random uselessness {unknown}
 y - a scroll of immolation {unknown}
Potions
 f - a potion of haste
 g - 2 potions of agility
 l - a potion of curing {unknown}
 s - a potion of ambrosia {unknown}
 z - a potion of berserk rage
Books
 b - a book of Flames

   Spells                             Type                      Level
   a - Flame Tongue                   Conjuration/Fire             1
   b - Throw Flame                    Conjuration/Fire             2
   c - Conjure Flame                  Conjuration/Fire             3
   d - Inner Flame                    Hexes/Fire                   3
   e - Sticky Flame                   Conjuration/Fire             4
   f - Fireball                       Conjuration/Fire             5
Comestibles
 c - 3 bread rations
 i - a fruit
 k - 4 meat rations
 p - a royal jelly


   Skills:
 - Level 2.4 Dodging
 - Level 2.4 Stealth
 + Level 5.0 Spellcasting
 - Level 6.5 Conjurations
 - Level 7.1 Fire Magic


You had 3 spell levels left.
You knew the following spells:

 Your Spells              Type           Power        Failure   Level  Hunger
a - Flame Tongue          Conj/Fire      ####.        1%          1    None
b - Throw Flame           Conj/Fire      ####..       1%          2    None
c - Conjure Flame         Conj/Fire      ####....     1%          3    ##.....
d - Inner Flame           Hex/Fire       ###.....     3%          3    ##.....
e - Sticky Flame          Conj/Fire      ####....     2%          4    ####...


Dungeon Overview and Level Annotations

Branches:
Dungeon (6/15)
 Temple: D:4-7

Altars:
Makhleb
Ru
Sif Muna
Trog
Vehumet
Zin
The Shining One

Shops:
D:5 [

Annotations:
D:5 Dowan


Message History

You closely miss the crimson imp. The crimson imp barely misses you.
You barely miss the phantom.
The phantom is moderately damaged.
The crimson imp hits you. The phantom hits you.
You closely miss the phantom.
The phantom is moderately damaged.
The crimson imp hits you. The phantom hits you!
* * * LOW HITPOINT WARNING * * *
You hit the crimson imp but do no damage.
The crimson imp barely misses you. The phantom closely misses you.
As you read the scroll labeled QOOC NU VERAANA, it crumbles to dust.
You feel strangely unstable.
It was a scroll of teleportation.
The crimson imp hits you but does no damage.
The phantom closely misses you.
You hit the crimson imp but do no damage.
You recover from your berserk rage.
The crimson imp hits you.
* * * LOW HITPOINT WARNING * * *
The phantom hits you!
You die...

########### #.........##
#..........#
#..........#
#..........#
#..........###
###............#
#########............#.#
#.....W@5......<.....#
###########.............
#.........##.#
#..###...## # #.## ##..#
#.# ##.# #.# #.# #.# .#


You could see a phantom and a crimson imp.

Vanquished Creatures
  A centaur (D:5)
  5 wights
  A howler monkey (D:5)
  2 hounds (D:4)
  3 orc priests
  3 orc wizards
  3 worker ants
  9 gnolls
  4 adders
  A shadow imp (D:5)
  3 oozes
  An adder skeleton (D:4)
  2 worms (D:2)
  3 dart slugs (D:1)
  3 leopard geckos
  16 orcs
  A ball python (D:2)
  6 bats
  5 giant cockroaches
  11 goblins
  6 hobgoblins
  4 jackals (D:1)
  3 frilled lizards
  12 kobolds
  8 rats
116 creatures vanquished.

Notes
Turn   | Place    | Note
-------+----------+-------------------------------------------
     0 | D:1      | Kingsmith the Deep Elf Fire Elementalist began the quest for the Orb.
     0 | D:1      | Reached XP level 1. HP: 10/10 MP: 6/6
   222 | D:1      | Reached XP level 2. HP: 15/15 MP: 5/8
   253 | D:1      | Learned a level 2 spell: Throw Flame
   686 | D:1      | Reached XP level 3. HP: 14/19 MP: 7/11
   907 | D:1      | Reached skill level 5 in Spellcasting
  1325 | D:2      | Reached skill level 4 in Fire Magic
  1477 | D:2      | Reached XP level 4. HP: 24/24 MP: 9/13
  1732 | D:2      | Learned a level 3 spell: Conjure Flame
  1736 | D:2      | Learned a level 3 spell: Inner Flame
  1741 | D:2      | Learned a level 4 spell: Sticky Flame
  1818 | D:2      | Found a burning altar of Makhleb.
  1820 | D:2      | Found a glowing silver altar of Zin.
  1820 | D:2      | Noticed an angel
  1821 | D:2      | Noticed a cacodemon
  1955 | D:3      | Reached skill level 5 in Fire Magic
  2174 | D:2      | Reached XP level 5. HP: 25/28 MP: 12/14
  2436 | D:3      | Found a bloodstained altar of Trog.
  2436 | D:3      | Found a glowing golden altar of the Shining One.
  2445 | D:3      | Found a sacrificial altar of Ru.
  2452 | D:3      | Found a faded altar of an unknown god.
  2456 | D:3      | Found a faded altar of an unknown god.
  2540 | D:3      | Reached skill level 6 in Fire Magic
  2563 | D:2      | Reached XP level 6. HP: 32/32 MP: 3/15
  2655 | D:3      | Reached skill level 7 in Fire Magic
  3496 | D:4      | Found a deep blue altar of Sif Muna.
  3646 | D:4      | Reached XP level 7. HP: 24/36 MP: 5/16
  3981 | D:5      | Entered Level 5 of the Dungeon
  4245 | D:5      | Reached skill level 5 in Conjurations
  4358 | D:5      | Found Huugeago's Antique Armour Emporium.
  4488 | D:5      | Bought a transparent robe for 188 gold pieces
  4489 | D:5      | Found a radiant altar of Vehumet.
  4510 | D:5      | Became a worshipper of Vehumet
  4764 | D:5      | Identified the cursed +0 robe of the Evening {Dex+3} (You bought it in a shop on level 5 of the Dungeon)
  4878 | D:5      | Noticed Dowan
  4952 | D:6      | Slain by a phantom

Skill      XL: |  1  2  3  4  5  6  7 |
---------------+----------------------+-----
Spellcasting   | 4 5 |  5.0
Fire Magic     | 4 5 6 7 |  7.1
Conjurations   | 3 6 |  6.5
Dodging        | |  2.4
Stealth        | |  2.4

Action                   |  1- 3 |  4- 6 |  7- 9 || total
-------------------------+-------+-------+-------++-------
Melee: Dagger            |     1 |    18 |    80 ||    99
 Cast: Flame Tongue      |    70 |   118 |    78 ||   266
       Throw Flame       |       |    15 |     8 ||    23
       Conjure Flame     |       |     4 |       ||     4
       Sticky Flame      |       |       |     1 ||     1
  Use: Scroll            |       |       |     8 ||     8
       Potion            |       |       |     2 ||     2
  Eat: Chunk             |     2 |     6 |     3 ||    11
Armor: Robe              |     6 |    14 |    36 ||    56
       Skin              |       |       |     1 ||     1
Dodge: Dodged            |    32 |    42 |    69 ||   143
